 Dungeon Crawl Stone Soup version 0.24-a0-218-ga595e75 (webtiles) character file.

Game seed: 12664590642567623986

10019 Inarius the Martial Artist (level 11, -4/79 HPs)
             Began as a Demonspawn Abyssal Knight on Mar 30, 2019.
             Was a High Priest of Lugonu.
             Engulfed by a cloud of flame (19 damage)
             ... on level 11 of the Dungeon.
             The game lasted 00:33:22 (14676 turns).

Inarius the Martial Artist (DsAK)                  Turns: 14676, Time: 00:33:23

Health: -4/79      AC:  9    Str: 20    XL:     11   Next: 30%
Magic:  11/15      EV: 20    Int: 14    God:    Lugonu [*****.]
Gold:   561        SH:  0    Dex: 14    Spells: 10/10 levels left

rFire    . . .     SeeInvis .     - Unarmed
rCold    . . .     Gourm    .   (no shield)
rNeg     + . .     Faith    .   C - +2 leather armour {rN+}
rPois    .         Spirit   .   q - +0 helmet
rElec    .         Reflect  .   (no cloak)
rCorr    .         Harm     .   h - +1 pair of gloves
MR       .....                  (no boots)
Stlth    ++++......             (no amulet)
HPRegen  0.23/turn              d - +3 ring of evasion
MPRegen  0.14/turn              L - +6 ring of strength

@: studying Armour
A: claws 2, repulsion field 2, nightstalker 1
a: Depart the Abyss, Bend Space, Banish, Corrupt, Enter the Abyss, Renounce
Religion


You were on level 11 of the Dungeon.
You worshipped Lugonu.
Lugonu was extremely pleased with you.
You were not hungry.

You visited 2 branches of the dungeon, and saw 12 of its levels.
You visited the Abyss 1 time.

You collected 561 gold pieces.

Inventory:

Hand Weapons
 a - a +1 hand axe
Missiles
 e - 11 javelins
 l - 3 steel tomahawks (quivered)
Armour
 h - a +1 pair of gloves (worn)
 k - a +1 ring mail of cold resistance
 q - a +0 helmet (worn)
 C - a +2 leather armour of positive energy (worn)
Jewellery
 d - a +3 ring of evasion (left hand)
 D - a cursed amulet of guardian spirit
 K - an uncursed ring of ice
 L - a +6 ring of strength (right hand)
Wands
 y - a wand of flame (4)
 G - a wand of scattershot (8)
 H - a wand of enslavement (4)
Scrolls
 g - 2 scrolls of immolation
 i - 2 scrolls of teleportation
 m - 2 scrolls of blinking {unknown}
 p - 3 scrolls of magic mapping {unknown}
 s - 2 scrolls of remove curse {unknown}
 v - a scroll of amnesia {unknown}
 x - a scroll of fog {unknown}
 B - 2 scrolls of enchant armour {unknown}
 I - a scroll of summoning {unknown}
Potions
 b - a potion of invisibility {unknown}
 f - a potion of cancellation {unknown}
 n - a potion of magic {unknown}
 o - a potion of flight {unknown}
 r - a potion of resistance {unknown}
 u - 4 potions of heal wounds {unknown}
 w - a potion of brilliance {unknown}
 A - 2 potions of lignification
 E - a potion of mutation {unknown}
 F - 2 potions of degeneration {unknown}
 J - a potion of agility {unknown}
 M - a potion of curing
Books
 j - a manual of Armour
Comestibles
 c - 11 rations
 t - 18 chunks of flesh


   Skills:
 + Level 5.0 Fighting
 - Level 2.0 Axes
 + Level 1.3 Throwing
 * Level 5.5 Armour
 + Level 4.0 Dodging
 * Level 5.3 Stealth
 * Level 12.2 Unarmed Combat
 + Level 6.1 Invocations
 * Level 3.7 Evocations


You had 10 spell levels left.
You didn't know any spells.
Your spell library contained the following spells:

 Spells                   Type           Power        Failure   Level  Hunger
 Beastly Appendage        Tmut           #.....       32%         1    ##.....
 Confusing Touch          Hex            #.....       32%         1    ##.....
 Poisonous Vapours        Pois/Air       #.....       45%         2    ###....
 Sticks to Snakes         Tmut           #.......     45%         2    ###....
 Confuse                  Hex            #.......     69%         3    ####...
 Conjure Flame            Conj/Fire      #.......     69%         3    ####...
 Gell's Gravitas          Tloc           #.........   69%         3    ####...
 Mephitic Cloud           Conj/Pois/Air  #.......     69%         3    ####...
 Spider Form              Tmut/Pois      #.........   69%         3    ####...
 Ice Form                 Ice/Tmut       #.......     97%         4    #####..
 Petrify                  Tmut/Erth      #.......     97%         4    #####..
 Blade Hands              Tmut           #.........   100%        5    ######.
 Metabolic Englaciation   Hex/Ice        #.........   100%        5    ######.
 Yara's Violent Unravell  Hex/Tmut       #.........   100%        5    ######.
 Freezing Cloud           Conj/Ice/Air   #.........   100%        6    #######
 Ring of Flames           Chrm/Fire      #.........   100%        7    #######


Dungeon Overview and Level Annotations

Branches:
Dungeon (11/15)            Temple (1/1) D:4            Lair (0/6) D:9
    Orc: D:9-12

Altars:
Ashenzari
Cheibriados
Dithmenos
Elyvilon
Fedhas
Gozag
Hepliaklqana
Kikubaaqudgha
Makhleb
Nemelex Xobeh
Okawaru
Qazlal
Ru
Sif Muna
Trog
Uskayaw
Vehumet
Wu Jian
Xom
Yredelemnul
Zin
The Shining One

Annotations:
D:3 2 transporters


Innate Abilities, Weirdness & Mutations

You have very sharp fingernails.
You are surrounded by a moderate repulsion field. (EV +3)
You are slightly more attuned to the shadows.


Message History

The fire crab is heavily wounded.
The fire crab breathes flames at you. The blast of flame engulfs you.
You punch the fire crab! You punch the fire crab.
The fire crab is severely wounded.
You are engulfed in blazing flames.
The fire crab misses you. The fire crab claws you!
You are engulfed in flames!
You hit the fire crab but do no damage.
The fire crab is severely wounded.
You are engulfed in blazing flames.
* * * LOW HITPOINT WARNING * * *
The fire crab closely misses you.
The fire crab claws you but does no damage.
Press: ? - help, Shift-Dir - straight line, f/p - fire crab
Aim: a fire crab (flame, severely wounded, chance to defeat MR: 71%)
The fire crab is devoured by a tear in reality.
Lugonu claims a new guest.
Your Fighting skill increases to level 5!
You feel somewhat more hungry.
You are engulfed in blazing flames.
You die...

######### ........(#
.......°.#
.......°°########
.......°°°@°°°..####
........°######÷...#####
.......°.# ####.....####
...>.....# #####.....
######'### ###### #.#
##.# #..# #.##


There were no monsters in sight!

Vanquished Creatures
  Erica (D:8)
  3 two-headed ogres
  An ugly thing (D:9)
  A centaur zombie (D:10)
  Psyche (D:8)
  3 trolls
  Grinder (D:4)
  A hippogriff (D:7)
  A wyvern (D:11)
  A wraith (D:9)
  2 hungry ghosts (D:10)
  3 phantoms
  2 orc warriors
  5 black bears
  3 sky beasts
  7 ogres
  An ice beast (D:10)
  3 centaurs
  2 big kobolds
  3 bullfrogs
  4 scorpions
  6 killer bees
  6 wights
  4 crimson imps
  2 hounds
  3 jellies
  2 bullfrog skeletons
  An orc priest (D:7)
  9 orc wizards
  4 iguanas
  Natasha (twice) (D:3 D:2)
  5 worker ants
  Robin (D:3)
  15 adders
  4 gnolls (D:6)
  4 shadow imps
  4 worms
  2 dart slugs
  5 leopard geckos
  39 orcs
  5 bats
  2 giant cockroaches
  18 goblins
  8 hobgoblins
  6 jackals
  7 quokkas
  4 ball pythons
  4 frilled lizards
  A jackal skeleton (D:4)
  9 kobolds
  A leopard gecko skeleton (D:4)
  A quokka skeleton (D:4)
  7 rats
240 creatures vanquished.

Vanquished Creatures (others)
  A fire crab (D:11)
  A crimson imp (D:9)
  A bat (D:3)
  A fungus (D:9)
4 creatures vanquished.

Grand Total: 244 creatures vanquished

Notes
Turn   | Place    | Note
-------+----------+-------------------------------------------
     0 | Abyss:1  | Inarius the Demonspawn Abyssal Knight began the quest for
                  | the Orb.
     0 | Abyss:1  | Reached XP level 1. HP: 18/18 MP: 2/2
    36 | Abyss:1  | Noticed a large abomination
    36 | Abyss:1  | Noticed a ynoxinul
    46 | Abyss:1  | Noticed a quasit
    83 | D:1      | Escaped the Abyss
   247 | D:1      | Reached * piety under Lugonu
   463 | D:1      | Gained mutation: You have sharp fingernails. [demonic
                  | ancestry]
   463 | D:1      | Reached XP level 2. HP: 22/24 MP: 4/4
  1213 | D:2      | Gained mutation: You are surrounded by a mild repulsion
                  | field. (EV +2) [demonic ancestry]
  1213 | D:2      | Reached XP level 3. HP: 29/29 MP: 5/5
  1518 | D:2      | Reached skill level 1 in Dodging
  1703 | D:2      | Reached skill level 1 in Unarmed Combat
  1703 | D:2      | Reached XP level 4. HP: 33/35 MP: 6/6
  1760 | D:2      | Reached ** piety under Lugonu
  2085 | D:2      | Found a basalt altar of Yredelemnul.
  2096 | D:2      | Found a glowing golden altar of the Shining One.
  2098 | D:2      | Noticed an angel
  2285 | D:3      | Found a transporter.
  2355 | D:3      | Found a transporter.
  2435 | D:3      | Reached skill level 2 in Unarmed Combat
  2448 | D:3      | Noticed a kobold demonologist
  2645 | D:3      | Reached XP level 5. HP: 29/41 MP: 7/7
  2729 | D:3      | Noticed an ogre
  3092 | D:3      | Noticed Natasha
  3341 | D:3      | Killed Natasha
  3590 | D:3      | Reached skill level 3 in Unarmed Combat
  3638 | D:3      | Noticed Natasha
  3669 | D:2      | Killed Natasha
  3781 | D:3      | Noticed a black bear
  3995 | D:3      | Noticed Robin
  4040 | D:3      | Killed Robin
  4059 | D:3      | Reached *** piety under Lugonu
  4231 | D:3      | Killed a black bear
  4231 | D:3      | Reached XP level 6. HP: 18/48 MP: 7/9
  4604 | D:4      | Found a staircase to the Ecumenical Temple.
  4607 | D:4      | Noticed Grinder
  4736 | D:3      | Reached skill level 4 in Unarmed Combat
  5088 | D:4      | Paralysed by Grinder for 2 turns
  5296 | D:4      | Reached skill level 5 in Unarmed Combat
  5296 | D:4      | Gained mutation: You are slightly more attuned to the
                  | shadows. [demonic ancestry]
  5296 | D:4      | Reached XP level 7. HP: 19/53 MP: 10/10
  5528 | Temple   | Entered the Ecumenical Temple
  6228 | D:4      | Reached skill level 6 in Unarmed Combat
  6347 | D:4      | Reached XP level 8. HP: 56/60 MP: 11/11
  6396 | D:4      | Paralysed by Grinder for 3 turns
  6423 | D:4      | Killed Grinder
  6423 | D:4      | Reached skill level 5 in Invocations
  6601 | D:4      | Reached skill level 7 in Unarmed Combat
  6800 | D:5      | Entered Level 5 of the Dungeon
  7251 | D:5      | Reached skill level 1 in Stealth
  7634 | D:6      | Reached skill level 8 in Unarmed Combat
  7807 | D:6      | Reached **** piety under Lugonu
  7974 | D:6      | Found a hide-covered altar of Uskayaw.
  8093 | D:6      | Gained mutation: You have very sharp fingernails. [demonic
                  | ancestry]
  8093 | D:6      | Reached XP level 9. HP: 65/65 MP: 13/13
  9029 | D:7      | Reached skill level 9 in Unarmed Combat
 10155 | D:7      | Found an ancient bone altar of Kikubaaqudgha.
 10821 | D:8      | Reached skill level 1 in Evocations
 10877 | D:8      | Reached skill level 1 in Throwing
 10965 | D:8      | Noticed Psyche
 10980 | D:8      | HP: 3/66 [acid (12)]
 10985 | D:8      | Killed Psyche
 10985 | D:8      | Reached skill level 10 in Unarmed Combat
 10985 | D:8      | Gained mutation: You are surrounded by a moderate repulsion
                  | field. (EV +3) [demonic ancestry]
 10985 | D:8      | Reached XP level 10. HP: 8/73 MP: 14/14
 11100 | D:8      | Reached ***** piety under Lugonu
 11483 | D:8      | Noticed Erica
 11499 | D:8      | Killed Erica
 11890 | D:9      | Noticed a cyan ugly thing
 11914 | D:9      | Killed a cyan ugly thing
 12486 | D:9      | Found a staircase to the Lair.
 12562 | D:9      | Noticed a two-headed ogre
 12580 | D:9      | Killed a two-headed ogre
 12580 | D:9      | Reached skill level 11 in Unarmed Combat
 13007 | D:9      | Found an ornate altar of the Wu Jian Council.
 13067 | D:10     | Entered Level 10 of the Dungeon
 13402 | D:10     | Noticed a two-headed ogre
 13411 | D:10     | Killed a two-headed ogre
 13772 | D:10     | Reached XP level 11. HP: 78/78 MP: 15/15
 13898 | D:10     | Noticed Urug
 13902 | D:10     | Noticed Urug
 13902 | D:10     | Urug changed into Urug the two-headed ogre
 13918 | D:10     | Killed Urug the two-headed ogre
 13918 | D:10     | Reached skill level 5 in Armour
 14441 | D:10     | Reached skill level 5 in Stealth
 14452 | D:10     | Reached skill level 12 in Unarmed Combat
 14655 | D:11     | Noticed an orc knight
 14669 | D:11     | Noticed a fire crab
 14669 | D:11     | an orc knight changed into a fire crab
 14676 | D:11     | Banished a fire crab
 14676 | D:11     | Reached skill level 5 in Fighting
 14676 | D:11     | Engulfed by a cloud of flame

Levels and vault maps discovered:
D:1:      dpeg_arrival_yet_another_circle, layout_loops_corners,
          kennysheep_boxes
D:2:      layout_basic, grunt_temple_overflow_holy_war
D:3:      gammafunk_wand_slinger, layout_rooms, first_ration, uniq_natasha,
          uniq_robin
D:4:      layout_cave_pools, minmay_temple_entry_stoned_glass, uniq_grinder
D:5:      layout_rooms, hex_tiny
D:6:      layout_cave_pods, lemuel_coloured_pillars_altar
D:7:      layout_cave_pools, kiku_gazebo_garden_becter, serial_column_ruins,
          column_ruins_square_huge, column_ruins_hut,
          column_ruins_open_small_water, column_ruins_columns_corner,
          column_ruins_columns_dead_end, column_ruins_grid_1,
          column_ruins_columns_dead_end, column_ruins_corridor_straight
D:8:      layout_loops_ring, blue_anna_alchemist [blue_anna_fruit_fields,
          blue_anna_fruit_fields], uniq_psyche, uniq_erica
D:9:      layout_basic, dpeg_oklobed_lair, basic_altar
D:10:     layout_gridville, uniq_urug
D:11:     layout_roguey [special_room_orc], david_orc_2
Temple:   nicolae_temple_no_exploring_needed
Abyss:1

Skill      XL: |  1  2  3  4  5  6  7  8  9 10 11 |
---------------+----------------------------------+-----
Invocations    | 3 4 5 6 |  6.1
Axes           | 2 |  2.0
Armour         | 2 3 4 5 |  5.5
Dodging        | 1 2 3 4 |  4.0
Unarmed Combat | 1 2 3 5 6 8 10 11 12 | 12.2
Stealth        | 1 3 4 5 |  5.3
Fighting       | 4 5 |  5.0
Evocations     | 1 3 |  3.7
Throwing       | 1 |  1.3

Action                   |  1- 3 |  4- 6 |  7- 9 | 10-12 || total
-------------------------+-------+-------+-------+-------++-------
Melee: Hand axe          |   117 |   169 |       |       ||   286
       Punch             |       |     4 |    12 |    15 ||    31
       Unarmed           |       |   248 |   559 |   253 ||  1060
Throw: Throwing net      |       |     4 |       |       ||     4
       Javelin           |       |       |     8 |       ||     8
       Tomahawk          |       |       |     4 |       ||     4
Invok: Depart the Abyss  |     1 |       |       |       ||     1
       Bend Space        |       |     6 |       |       ||     6
       Banish            |       |       |       |     1 ||     1
Evoke: Wand              |       |       |     2 |    32 ||    34
  Use: Potion            |     2 |     1 |     6 |       ||     9
       Scroll            |       |     4 |     5 |     1 ||    10
 Stab: Held in net/web   |       |     2 |       |       ||     2
       Sleeping          |       |       |     4 |    14 ||    18
       Distracted        |       |       |       |     1 ||     1
  Eat: Chunk             |     3 |    11 |    18 |     9 ||    41
       Ration            |       |       |       |     2 ||     2
Armor: Leather armour    |    13 |       |     8 |    55 ||    76
       Skin              |    25 |       |       |       ||    25
       Ring mail         |    22 |   128 |   132 |       ||   282
       Chain mail        |       |     8 |     4 |       ||    12
Dodge: Dodged            |    92 |   336 |   435 |   193 ||  1056

Table legend:
 A = Non-vault XP
 B = Vault XP
 C = Vault XP percentage of total XP
 D = Non-vault monster count
 E = Vault monster count
 F = Vault count percentage of total count
                 A         B        C        D         E       F
            +---------+---------+-------+---------+---------+-------
      Total |   10965 |    3349 |  23.4 |     221 |      20 |   8.3
            +---------+---------+-------+---------+---------+-------
        D:1 |     148 |       0 |   0.0 |      16 |       0 |   0.0
        D:2 |     142 |       0 |   0.0 |      31 |       0 |   0.0
        D:3 |     440 |      71 |  13.9 |      35 |      14 |  28.6
        D:4 |     880 |     304 |  25.7 |      29 |       1 |   3.3
        D:5 |     422 |       0 |   0.0 |      12 |       0 |   0.0
        D:6 |    1154 |       0 |   0.0 |      21 |       0 |   0.0
        D:7 |    1277 |       0 |   0.0 |      19 |       0 |   0.0
        D:8 |     308 |    1415 |  82.1 |       7 |       3 |  30.0
        D:9 |    3229 |       0 |   0.0 |      24 |       0 |   0.0
       D:10 |    2276 |     910 |  28.6 |      15 |       1 |   6.2
       D:11 |     683 |     649 |  48.7 |      10 |       1 |   9.1
     Temple |       6 |       0 |   0.0 |       2 |       0 |   0.0
            +---------+---------+-------+---------+---------+-------
